 Dungeon Crawl Stone Soup version 0.31.0-32-g396128a36d (webtiles) character file.

Game seed: 17472441514488817000

64 Doomgape the Trooper (level 4, 0/29 HPs)
             Began as a Gargoyle Berserker on Mar 23, 2024.
             Was a Believer of Trog.
             Slain by Terence
             ... wielding a +0 mace
              (7 damage)
             ... on level 3 of the Dungeon.
             The game lasted 00:02:56 (1767 turns).

Doomgape the Trooper (Gargoyle Berserker)           Turns: 1767, Time: 00:02:57

Health: 0/29       AC:  9    Str: 22    XL:     4   Next: 12%
Magic:  4/4        EV: 11    Int:  8    God:    Trog [**....]
Gold:   63         SH:  0    Dex:  9    Spells: 3/3 levels left

rFire   . . .        a - +0 mace
rCold   . . .        (no shield)
rNeg    + . .        h - +0 ring mail
rPois   ∞            (no helmet)
rElec   +            (no cloak)
rCorr   .            (no gloves)
SInv    .            (no boots)
Will    .....        (no amulet) Stlth
                     (no ring)
HPRegen 0.24/turn    (no ring)
MPRegen 0.09/turn

%: no passive effects
@: no status effects
A: sickness immunity, AC +3, negative energy resistance 1, electricity
resistance, torment resistance 1, petrification resistance
a: Renounce Religion, Berserk, Trog's Hand


You were on level 3 of the Dungeon.
You worshipped Trog.
Trog was pleased with you.
You visited 1 branch of the dungeon, and saw 3 of its levels.

You collected 63 gold pieces.

Inventory:

Hand Weapons
 a - a +0 mace (weapon)
Armour
 h - a +0 ring mail (worn)
Scrolls
 g - a scroll of fear {unknown}
 i - a scroll of amnesia {unknown}
Potions
 b - 2 potions of brilliance {unknown}
 c - a potion of attraction {unknown}
 d - a potion of might {unknown}
 e - 2 potions of cancellation {unknown}
 f - a potion of degeneration {unknown}


   Skills:
 + Level 4.2 Fighting
 + Level 3.6 Maces & Flails
 + Level 3.1 Armour
 - Level 1.5 Dodging


You had 3 spell levels left.
You didn't know any spells.
Your spell library was empty.

Dungeon Overview and Level Annotations

Branches:
Dungeon (3/15)

Altars:
Xom

Annotations:
D:3 Terence


Innate Abilities, Weirdness & Mutations

You are immune to sickness and miasma.
Your stone body is resilient. (AC +3)
You are immune to poison.
You resist negative energy. (rN+)
You are resistant to electric shocks. (rElec)
You are resistant to unholy torment.
You are immune to petrification.


Message History

You closely miss Terence.
Terence is lightly wounded.
Terence hits you but does no damage.
You barely miss Terence.
Terence is lightly wounded.
Terence hits you but does no damage.
You hit Terence but do no damage.
Terence is lightly wounded.
Terence hits you but does no damage. x2
You hit Terence but do no damage.
Terence is lightly wounded.
Terence barely misses you.
You hit Terence.
Terence is lightly wounded.
Terence barely misses you.
You hit Terence.
Terence is heavily wounded.
Terence hits you with a +0 mace.
You barely miss Terence.
Terence is heavily wounded.
Terence closely misses you. Terence hits you with a +0 mace.
You hit Terence.
Terence is heavily wounded.
Terence shouts, "DIE!!!"
Terence hits you but does no damage.
You hit Terence.
Terence is almost dead.
Terence closely misses you.
You barely miss Terence.
Terence is almost dead.
Terence hits you with a +0 mace.
You hit Terence but do no damage.
Terence is almost dead.
Terence hits you with a +0 mace.
* * * LOW HITPOINT WARNING * * *
You hit Terence but do no damage.
Terence is almost dead.
Terence barely misses you. Terence hits you with a +0 mace!
You die...
Terence says, "Time to find some more victims."

###.#
#<#.#
#.#.#
#.#.#
#.#.#
#.#.#
#.#@#
#.#@#
#.#.#
####.#.#
#......#
########


You could see Terence.

Vanquished Creatures
  An adder (D:2)
  2 dart slugs (D:1)
  3 ribbon worms (D:2)
  An orc (D:3)
  10 ball pythons
  2 endoplasms (D:1)
  2 giant cockroaches
  3 goblins
  4 hobgoblins
  2 quokkas
  2 bats
  3 frilled lizards (D:2)
  3 kobolds
  4 rats
42 creatures vanquished.

Notes
Turn   | Place    | Note
-------+----------+-------------------------------------------
     0 | D:1      | Doomgape the Gargoyle Berserker began the quest for the
                  | Orb.
     0 | D:1      | Reached XP level 1. HP: 14/14 MP: 1/1
   178 | D:1      | Reached XP level 2. HP: 17/19 MP: 2/2
   524 | D:1      | Reached XP level 3. HP: 18/24 MP: 3/3
   808 | D:1      | Reached ** piety under Trog
   917 | D:1      | Found a shimmering altar of Xom.
   985 | D:2      | Reached skill level 4 in Fighting
  1489 | D:2      | Reached XP level 4. HP: 28/29 MP: 4/4
  1743 | D:3      | Noticed Terence
  1767 | D:3      | Slain by Terence

Illustrated notes

Levels and vault maps discovered:
D:1:      dpeg_arrival_lava_altar, layout_basic
D:2:      layout_loops_ring, serial_forest, infiniplex_forest_clump_double,
          infiniplex_forest_straight_1, infiniplex_forest_clump_C,
          infiniplex_forest_lined_1, infiniplex_forest_side_room,
          infiniplex_forest_lined_corner, infiniplex_forest_clump_curved,
          infiniplex_forest_pool, infiniplex_forest_clump_tiny, minivault_24,
          st_stairs_1
D:3:      layout_basic, corexii_leaking_fountain, uniq_terence

Skill      XL: |  1  2  3 |
---------------+----------+-----
Fighting       | 4 |  4.2
Armour         | 3 |  3.1
Maces & Flails | |  3.6
Dodging        | |  1.5

Action                     |  1- 3 |  4- 6 || total
---------------------------+-------+-------++-------
  Melee: Mace              |   127 |    34 ||   161
         Punch             |       |     1 ||     1
   Stab: Sleeping          |     1 |       ||     1
 Armour: Animal skin       |    42 |       ||    42
         Ring mail         |    33 |    25 ||    58
  Dodge: Dodged            |    82 |    15 ||    97
